AoeStats
← gmcornejo

Arabia

508309571Analyzed
1v1 RM · 10d ago on Sep 21, 2026· 46m 37s· 2 players
Game mode
Random Map
Map size
Tiny (2 player)
Population
200
Speed
Normal
Resources
Standard
Victory
Conquest
Starting age
Dark Age
Ending age
Imperial Age
RankedLock teamsTeams togetherTeam positionsShared explorationLock speedFull tech treeHidden civsTurbo modeCheats
Victory
Defeat
🇦🇷 Lithuanians · Argentina
972
+15
🇲🇽 Wei · Mexico
960
-15
Liv carlosa
7:02 Loom
10:59 Feudal Age
11:32 Double-Bit Axe
11:32 Horse Collar
11:44 Gold Mining
18:30 Stone Mining
21:53 Castle Age
20:48 Scale Barding Armor
20:54 Forging
21:49 Wheelbarrow
22:08 Bloodlines
22:58 Bow Saw
22:50 Heavy Plow
25:14 Gold Shaft Mining
30:33 Husbandry
31:23 Hand Cart
36:00 Pikeman
36:41 Squires
38:51 Tuntian
44:03 Imperial Age
gmcornejo
7:12 Loom
9:47 Feudal Age
10:40 Double-Bit Axe
10:37 Horse Collar
19:55 Castle Age
18:30 Gold Mining
19:43 Bloodlines
19:55 Fletching
22:07 Bodkin Arrow
23:02 Bow Saw
23:15 Heavy Plow
23:56 Padded Archer Armor
25:11 Thumb Ring
25:44 Ballistics
25:33 Husbandry
33:03 Wheelbarrow
33:08 Scale Barding Armor
33:26 Forging
35:34 Chain Barding Armor
39:05 Imperial Age
39:27 Hand Cart
40:00 Iron Casting
39:58 Cavalier
42:17 Chemistry
43:23 Conscription
45:04 Bracer
45:40 Plate Barding Armor
Connection lost

Rejoining the realm…

Still unreachable

The connection could not be restored.

Session expired

The server has moved on; the page needs a fresh start.